Map: Mécanisation EC

Players

zidar

  • Race: Zerg Zerg
  • League: Gold
  • Spawn Location: 9:00

IIIIIIII - Winner!

  • Race: Zerg Zerg
  • League: Diamond
  • Spawn Location: 3:00

VOD

Have the link to the VOD?

Description

Time

  • Played on: Dec. 30, 2018, 2:28 p.m.
  • Length: 15:47
Show
View Real Time Build Order
Export as new Build Order

zidar Zerg 

Build Orders: Pool First 

Get SALT Encoding   

  12  0:01  Drone  
  13  0:08  Drone  
  14  0:15  Extractor  
  14  0:18  Extractor  
  12  0:23  Overlord  
  12  0:29  Drone  
  12  0:34  Drone  
  16  0:44  Drone  
  17  0:52  Spawning Pool  
  16  1:02  Drone  
  17  1:21  Drone  
  17  1:22  Hatchery  
  17  1:25  Extractor  
  16  1:28  Drone  
  18  1:32  Drone  
  18  1:45  Queen  
  20  1:54  Overlord  
  20  1:58  Drone  
  21  2:02  Drone  
  22  2:18  Drone  
  22  2:21  Queen  
  25  2:26  Metabolic Boost  
  25  2:38  Overlord  
  25  2:39  Drone  
  26  2:44  Queen  
  28  2:58  Drone x4  
  32  3:16  Roach Warren  
  32  3:18  Drone  
  32  3:19  Drone  
  33  3:31  Drone x3  
  36  3:34  Overlord  
  36  3:36  Overlord  
  36  3:45  Evolution Chamber  
  35  3:53  Zergling x2  
  35  3:54  Zergling x4  
  38  4:09  Roach x5  
  48  4:30  Hatchery  
  46  4:41  Zerg Ground Armor Level 1  
  46  4:49  Roach  
  46  4:50  Roach  
  50  4:54  Overlord x3  
  50  5:08  Extractor  
  50  5:13  Roach x5  
  59  5:43  Roach  
  59  5:44  Roach x2  
  65  5:54  Roach x2  
  69  6:16  Overlord x3  
  69  6:18  Roach  
  69  6:19  Roach x2  
  69  6:20  Roach  
  69  6:23  Zergling x8  
  81  6:46  Zergling x26  
  94  6:53  Roach  
  63  8:02  Roach  
  63  8:03  Roach x3  
  63  8:04  Roach x5  
  53  8:41  Roach  
  53  8:42  Roach x8  
  71  8:53  Zerg Missile Weapons Level 1  
  71  9:01  Ravager  
  71  9:02  Ravager x3  
  73  9:05  Zergling x10  
  73  9:06  Zergling x2  
  77  9:17  Roach x3  
  77  9:22  Roach x3  
  86  9:32  Roach x2  
  82  10:11  Lair  
  66  10:24  Queen  
  68  10:35  Ravager  
  66  10:52  Roach x5  
  66  10:54  Zergling x20  
  66  10:55  Zergling x14  
  93  11:31  Drone x6  
  93  11:32  Drone x6  
  102  11:42  Overseer  
  96  12:30  Roach x5  
  96  12:36  Zergling x2  
  91  13:01  Drone  
Show
View Real Time Build Order
Export as new Build Order

IIIIIIII Zerg - Winner!

Build Orders: Pool First 

Get SALT Encoding   

  12  0:01  Drone  
  13  0:10  Drone  
  14  0:18  Overlord  
  14  0:37  Drone x3  
  17  0:46  Spawning Pool  
  16  0:56  Drone  
  17  1:07  Drone  
  18  1:18  Hatchery  
  17  1:20  Drone  
  17  1:24  Extractor  
  17  1:27  Drone  
  17  1:32  Drone  
  19  1:41  Queen  
  21  1:51  Roach Warren  
  21  1:53  Drone  
  21  2:07  Drone  
  22  2:11  Overlord  
  22  2:30  Extractor  
  22  2:36  Drone x3  
  24  2:39  Queen  
  26  2:55  Drone x3  
  26  2:58  Drone x3  
  32  3:04  Spine Crawler  
  31  3:25  Drone x5  
  36  3:27  Overlord  
  36  3:39  Lair  
  36  3:47  Evolution Chamber  
  35  3:50  Evolution Chamber  
  34  4:10  Drone x6  
  34  4:15  Zerg Missile Weapons Level 1  
  34  4:16  Zerg Ground Armor Level 1  
  40  4:44  Drone x4  
  44  4:48  Overlord x2  
  44  5:09  Extractor  
  44  5:12  Extractor  
  44  5:13  Drone x2  
  44  5:23  Queen  
  44  5:24  Glial Reconstitution  
  46  5:34  Drone x2  
  48  5:50  Burrow  
  48  6:14  Hatchery x2  
  46  6:30  Roach  
  46  6:31  Roach x6  
  60  6:34  Overlord x2  
  60  6:43  Tunneling Claws  
  60  6:50  Spine Crawler  
  60  6:51  Spine Crawler  
  60  6:52  Spine Crawler x2  
  56  6:54  Spine Crawler  
  55  7:04  Roach  
  55  7:05  Roach x8  
  73  7:09  Queen  
  73  7:13  Overlord  
  73  7:15  Queen  
  57  7:35  Roach x4  
  48  7:50  Roach  
  48  7:51  Roach x11  
  49  8:33  Zergling x24  
  57  9:13  Roach Warren  
  56  9:30  Drone x8  
  56  9:31  Drone x4  
  67  9:47  Roach x10  
  54  10:16  Roach x10  
  52  10:47  Roach x14  
  52  10:48  Roach  
  82  10:58  Queen  
  82  11:03  Zerg Ground Armor Level 2, Zerg Missile Weapons Level 2  
  84  11:11  Overlord  
  84  11:12  Overlord x3  
  84  11:15  Roach x4  
  84  11:32  Roach x5  
  86  11:54  Roach x3  
  86  11:55  Roach x19  
  118  12:07  Roach x4  
  119  12:08  Zergling x2  
  119  12:09  Roach x4  
  117  12:50  Roach x2  
  117  12:51  Roach x3  
  119  13:20  Roach x4  
  119  13:23  Overlord x3  
  119  13:24  Overlord  
  121  14:34  Roach  
  121  14:35  Roach x11  
  105  15:18  Roach x9  
Tags
 
Add a new tag
Caveats
  • Supply blocks, unpowered buildings, or Contaminate may cause inaccurate times.
  • Supply counts are checked every 10 seconds.